Arrhythmia, chaotic female vampiric Convict ------- |.....+ |.....| |.....| |>..... |..{..| -.--- - ## # ### ## ------------ ### |@%[?.%?.![| ## ------------ |_S*%?)?*!!| ## ------------ |..........| |.*..[[*%!!| -|-.-- |...........%########........<..| ##-.@(?)/)[!)| |....| ##...........| |..........| # ------------ |....| # |..........| |...........##### |....-############ |..........| |..........| ------ ------------ ------------ Arrhythmia the Jail-bird Experience level: 6 Strength: 14 Dexterity: 11 Constitution: 16 Intelligence: 14 Wisdom: 11 Charisma: 10 Health: 0(53) Energy: 36(36) AC: 6 Gold: 670 Moves: 1262 Your Inventory: Coins $ - 670 gold pieces Armor b - a cursed +0 striped shirt u - an [uncursed +0] iron skull cap [orcish helm] z - a [blessed] +2 pair of hard shoes [iron] (being worn) B - an [uncursed +0] hard hat [dwarvish iron helm] Scrolls i - an [uncursed] scroll labeled ANDOVA BEGARIN [of confuse monster] Potions j - an [uncursed] ochre potion [of extra healing] k - an [uncursed] black potion [of see invisible] Rings e - an [uncursed] ring called Sustenance [of slow digestion] (on right hand) f - an [uncursed] twisted ring [of polymorph control] g - a [blessed +1] sapphire ring [of gain dexterity] Tools n - an [uncursed] skeleton key q - an [uncursed] tin opener Iron balls c - an [uncursed] heavy iron ball (chained to you) (alternate weapon; not wielded) Spells known in the end: Name Level Category Fail Memory Your skills at the end: Fighting Skills Weapon Skills sling [Basic / Skilled] Spellcasting Skills Final Attributes: You were devoutly aligned. Hunger level was 203. Your alignment was 16 / 16. Monster difficulty range was 0 - 4. Level difficulty was 3. You were immune to level-drain. You were immune to sickness. You were punished. You could fly. You could survive without air. You had slower digestion. You regenerated. Your luck was zero. Tymora was angry with you (1). You are dead. Vanquished creatures: 2 gnome lords 4 dwarves a wererat an iguana a large kobold a hobgoblin 10 gnomes 6 jackals a fox a goblin 2 sewer rats a grid bug 4 lichens 3 newts 38 creatures vanquished. Voluntary challenges: You were an atheist. You pretended to be a nudist. You went without food. You were illiterate. You never hit with a wielded weapon. You put on armor 1 time. You never genocided any monsters. You never polymorphed an object. You never changed form. You used no wishes. You abstained from Elbereth's help. You never encountered a bones level. You never used any Sokoban shortcuts. Dungeon overview: The Dungeons of Doom: levels 1 to 3 Level 1 a long staircase Level 2 a fountain Level 3 <- You were here a general store, a fountain stairs to The Gnomish Mines The Gnomish Mines: Level 4 stairs to The Dungeons of Doom History has recorded: On T:1 you entered the Dungeons of Doom to retrieve the Amulet of Yendor! On T:180 you advanced to experience level 2. On T:348 you reached level 2 of The Dungeons of Doom. On T:527 you advanced to experience level 3. On T:683 you reached level 3 of The Dungeons of Doom. On T:756 you advanced to experience level 4. On T:884 you reached level 1 of The Gnomish Mines. On T:917 you advanced to experience level 5. On T:1091 you advanced to experience level 6. Latest messages: Looking up "cobra"... You are empty handed. c - a heavy iron ball (chained to you) (alternate weapon; not wielded). You begin bashing monsters with your bare hands. You miss the cobra. You bite the cobra. The cobra bites! The cobra's bite was poisoned! The cobra bites! [HP-17=31] You miss the cobra. (2x) The cobra bites! The cobra's bite was poisoned! [HP-14=17] You hit the cobra. You miss the cobra. The cobra bites! (2x) [HP-8=9] You hit the cobra. You miss the cobra. The cobra bites! [HP-4=5] You miss the cobra. (2x) The cobra bites! You die... Kabalebo gratefully inherits all your possessions. Final status: Goodbye Arrhythmia the Convict... You died in The Dungeons of Doom on dungeon level 3 with 1629 points, and 670 pieces of gold, after 1262 moves. You were level 6 with a maximum of 53 hit points when you died.